 Dungeon Crawl Stone Soup version 0.31.0-32-g396128a36d (webtiles) character file.

Game seed: 14824043271739611392

34 firemarshallily the Vexing (level 3, -3/27 HPs)
             Began as a Demonspawn Hexslinger on Apr 11, 2024.
             Constricted to death by Ijyb (5 damage)
             ... on level 2 of the Dungeon.
             The game lasted 00:02:55 (602 turns).

firemarshallily the Vexing (Demonspawn Hexslinger)   Turns: 602, Time: 00:02:56

Health: -3/27      AC:  5    Str:  8    XL:     3   Next: 14%
Magic:  4/5        EV:  9    Int: 13    God:
Gold:   40         SH:  0    Dex: 17    Spells: 3/5 levels left

rFire   . . .        a - +1 sling
rCold   . . .        (no shield)
rNeg    . . .        c - +0 robe
rPois   .            g - +0 helmet
rElec   .            (no cloak)
rCorr   .            (no gloves)
SInv    .            (no boots)
Will    .....        (no amulet)
Stlth   ++           (no ring)
HPRegen 0.24/turn    (no ring)
MPRegen 0.09/turn

%: no passive effects
@: weak-willed, grasped by roots, enlightened, flying, constricted
A: molten scales 1, ignite blood 1
a: no special abilities


You were on level 2 of the Dungeon.
You visited 1 branch of the dungeon, and saw 2 of its levels.

You collected 40 gold pieces.

Inventory:

Hand Weapons
 a - a +1 sling (weapon)
Armour
 c - a +0 robe (worn)
 g - a +0 helmet (worn)
Scrolls
 b - a scroll of poison
 d - 2 scrolls of identify {unknown}
 e - a scroll of torment {unknown}
 h - a scroll of vulnerability {unknown}


   Skills:
 + Level 1.8 Fighting
 + Level 2.2 Ranged Weapons
 - Level 1.7 Dodging
 + Level 1.5 Spellcasting
 + Level 3.3 Hexes
 - Level 0.8 Fire Magic


You had 3 spell levels left.
You knew the following spells:

 Your Spells              Type           Power      Damage    Failure   Level
a - Jinxbite              Hex            18%        N/A       11%         2

Your spell library contained the following spells:

 Spells                   Type           Power      Damage    Failure   Level
 Sigil of Binding         Hex            9%         N/A       21%         3
 Inner Flame              Hex/Fire       6%         N/A       34%         3
 Cause Fear               Hex            4%         N/A       56%         4
 Dimensional Bullseye     Hex/Tloc       2%         N/A       80%         4


Dungeon Overview and Level Annotations

Branches:
Dungeon (2/15)

Altars:

Annotations:
D:2 Ijyb


Innate Abilities, Weirdness & Mutations

You are partially covered in molten scales. (AC +2)
Your demonic aura sometimes causes spilled blood to erupt in flames.


Message History

Fire: a) +1 sling
Press: ? - help, Q - select action, (/) - cycle Shift-Dir - straight line, f - Ijyb
Aim: Ijyb, wielding a +0 dagger, wearing a +0 chain mail and carrying a wand of roots (59% to hit)
You shoot a sling bullet.
The sling bullet barely misses the goblin.
The sling bullet hits Ijyb.
Ijyb is lightly wounded.
Ijyb is engulfed in blazing flames.
Unknown command.
You shoot a sling bullet. The sling bullet hits the goblin.
You kill the goblin!
You shoot a sling bullet. The sling bullet closely misses Ijyb.
Ijyb closely misses you. The goblin hits you but does no damage.
Ijyb hits you with a +0 dagger.
You shoot a sling bullet. The sling bullet closely misses Ijyb.
The goblin hits you with a +0 dagger. Ijyb hits you with a +0 dagger.
You shoot a sling bullet.
The sling bullet hits Ijyb but does no damage.
Ijyb is heavily wounded.
Ijyb zaps a wand.
The roots erupt in riotous growth!
The grasping roots grab you!
Ijyb is unaffected.
The goblin is unaffected.
The grasping roots constrict you. The goblin hits you but does no damage.
Press: ? - help, v - describe, . - travel, g - get item
Here: Ijyb, wielding a +0 dagger, wearing a +0 chain mail and carrying a wand of roots (heavily wounded)
Items here: a +0 dagger; a +0 dagger.
The floor, spattered with blood.
You shoot a sling bullet. The sling bullet barely misses Ijyb.
The goblin hits you but does no damage. Ijyb hits you but does no damage.
The grasping roots constrict you. Ijyb hits you with a +0 dagger.
The grasping roots constrict you.
* * * LOW HITPOINT WARNING * * *
The goblin hits you but does no damage.
Unknown command.
It was a potion of enlightenment.
You feel very buoyant.
You fly up into the air.
Ijyb hits you with a +0 dagger.
* * * LOW HITPOINT WARNING * * *
The grasping roots constrict you.
You die...

##...##.#.....#
##.....#.#.##..#
....
#..........#..<#
....
##.....#.......#
.....
##...########.#
..... ##.##
#.#..)... #.#
#.#8).... #.#
##.g)..... #.#
##.@g...... #.#
##.....##### ##.##
##.......#
##...####.........#
#.......'.........+
##...####.........#
##.## ##.......##
#.# ##.....## #.#
##...##


You could see Ijyb and a goblin.

Vanquished Creatures
  3 ball pythons (D:1)
  3 endoplasms (D:1)
  A giant cockroach (D:1)
  5 goblins (D:2)
  A hobgoblin (D:1)
  4 jackals (D:1)
  5 bats (D:1)
  2 frilled lizards
  5 kobolds (D:1)
  2 rats (D:1)
31 creatures vanquished.

Notes
Turn   | Place    | Note
-------+----------+-------------------------------------------
     0 | D:1      | firemarshallily the Demonspawn Hexslinger began the quest
                  | for the Orb.
     0 | D:1      | Reached XP level 1. HP: 15/15 MP: 2/2
   166 | D:1      | Gained mutation: You are partially covered in molten
                  | scales. (AC +2) [demonic ancestry]
   166 | D:1      | Reached XP level 2. HP: 21/21 MP: 3/3
   548 | D:1      | Learned a level 2 spell: Jinxbite
   588 | D:2      | Noticed Ijyb
   589 | D:2      | Gained mutation: Your demonic aura sometimes causes spilled
                  | blood to erupt in flames. [demonic ancestry]
   589 | D:2      | Reached XP level 3. HP: 25/27 MP: 2/5
   602 | D:2      | Constricted to death by Ijyb

Illustrated notes

Levels and vault maps discovered:
D:1:      orjb1_clovarrival, layout_rooms, st_stairs_10,
          minmay_misc_feat_enclosed, nicolae_the_louvre
D:2:      kennysheep_the_goblin_king, layout_loops_corners, serial_forest,
          infiniplex_forest_pool, infiniplex_forest_zigzag_1,
          infiniplex_forest_clump_double, infiniplex_forest_clump_small,
          infiniplex_forest_end_1, infiniplex_forest_lined_room_2,
          infiniplex_forest_straight_3

Skill      XL: |  1 |
---------------+----+-----
Ranged Weapons | 2 |  2.2
Fighting       | |  1.8
Dodging        | |  1.7
Spellcasting   | |  1.5
Hexes          | |  3.3
Fire Magic     | |  0.8

Action                     || total
---------------------------++-------
   Fire: Sling             ||    99
   Cast: Jinxbite          ||     1
    Use: Potion            ||     1
 Armour: Robe              ||    69
  Dodge: Dodged            ||    48
